 Dungeon Crawl Stone Soup version 0.30-a0-860-g512cf1e979 (webtiles) character file.

Game seed: 5383713440528288622

119 jimonade the Magician (level 5, 0/38 HPs)
             Began as a Djinni Warper on Mar 7, 2023.
             Slain by a wight
             ... wielding a +4 flail
              (11 damage)
             ... on level 4 of the Dungeon.
             The game lasted 00:04:47 (2163 turns).

jimonade the Magician (Djinni Warper)               Turns: 2163, Time: 00:04:48

Health: 0/38       AC:  3    Str: 12    XL:     5   Next: 24%
Gold:   118        EV: 12    Int: 20    God:
                   SH:  0    Dex: 13

rFire   + + .      SeeInvis +    a - +1 dagger (venom)
rCold   x . .      Faith    .    (no shield)
rNeg    . . .      Spirit   .    u - +0 leather armour
rPois   ∞          Reflect  .    (no helmet)
rElec   .          Rampage  .    (no cloak)
rCorr   .                        (no gloves)
Will    .....                    (boots unavailable)
Stlth   +                        l - amulet of regeneration
HPRegen 1.06/turn                w - ring of see invisible
MPRegen 0.00/turn                B - +6 ring of intelligence

@: flying
A: sickness immunity, fire resistance 2, cold vulnerability 1, float, innate
caster, HP casting, extra vitality 1
a: no special abilities


You were on level 4 of the Dungeon.
You visited 1 branch of the dungeon, and saw 4 of its levels.

You collected 118 gold pieces.

Inventory:

Hand Weapons
 a - a +1 dagger of venom (weapon)
 b - a +0 spear
 k - a +0 mace
Missiles
 d - 7 boomerangs of dispersal
 r - 12 poisoned darts
Armour
 i - a +0 tower shield
 u - a +0 leather armour (worn)
 y - a +0 chain mail
 A - the +1 ring mail "Seeraute" {rElec Will- Str+3 SInv}
   (You found it on level 4 of the Dungeon)

   Str:       It affects your strength (+3).
   rElec:     It insulates you from electricity.
   SInv:      It lets you see invisible.
   Will:      It decreases your willpower.
Jewellery
 l - an amulet of regeneration (around neck)
 p - an amulet of reflection
 w - a ring of see invisible (left hand)
 B - a +6 ring of intelligence (right hand)
Wands
 n - a wand of polymorph (7)
Scrolls
 c - 2 scrolls of blinking
 e - a scroll of enchant weapon
 f - a scroll of vulnerability {unknown}
 g - a scroll of magic mapping
 h - 2 scrolls of identify {unknown}
 j - a scroll of acquirement {unknown}
 q - a scroll of fog
 s - a scroll of noise {unknown}
 x - a scroll of brand weapon {unknown}
Potions
 m - a potion of degeneration {unknown}
 o - 2 potions of mutation {unknown}
 t - a potion of attraction {unknown}
 v - a potion of heal wounds {unknown}
 z - a potion of curing {unknown}


   Skills:
 - Level 2.0 Fighting
 - Level 1.5 Polearms
 - Level 0.7 Throwing
 - Level 1.0 Armour
 - Level 2.1 Dodging
 + Level 4.3 Spellcasting


You knew the following spells:

 Your Spells              Type           Power      Damage    Failure   Level
a - Blink                 Tloc           42%        N/A       4%          2
b - Lesser Beckoning      Tloc           42%        N/A       4%          2
c - Vhi's Electric Charg  Tloc/Air       42%        N/A       9%          3
d - Teleport Other        Tloc           21%        N/A       9%          3
e - Manifold Assault      Tloc           21%        N/A       26%         4
f - Necrotise             Necr           84%        1d8       2%          1
g - Ensorcelled Hibernat  Hex/Ice        42%        N/A       4%          2
Your spell library was empty.

Dungeon Overview and Level Annotations

Branches:
Dungeon (4/15)
 Temple: D:4-7

Altars:
Makhleb


Innate Abilities, Weirdness & Mutations

You are immune to sickness and miasma.
You are immune to poison.
Your flesh is very heat resistant. (rF++)
You are vulnerable to cold. (rC-)
You float through the air rather than walking.
You learn spells naturally, not from books.
Your magical power is your life essence.
You have superior vitality. (+4 MHP)


Message History

You blink.
You feel stable enough to blink again.
A dart slug comes into view.
The jelly quivers.
Casting: Blink (safe; 4% risk of failure)
Confirm with . or Enter, or press ? or * to list all spells.
You blink.
A quokka comes into view.
The jelly jiggles.
The quokka bites you.
You closely miss the quokka. The quokka misses you.
You barely miss the quokka.
You feel stable enough to blink again. The quokka bites you.
The wight closely misses you.
You closely miss the quokka. The quokka barely misses you.
The quokka misses you. The wight misses you.
You hit the quokka.
The quokka is poisoned.
The quokka is severely wounded.
The quokka misses you. The wight misses you.
You barely miss the quokka.
The quokka is severely wounded.
The quokka bites you. The wight hits you with a +4 flail!
You hit the quokka but do no damage.
The quokka looks as sick as possible!
The quokka is severely wounded.
The quokka completely misses you. The wight barely misses you.
You hit the quokka.
You kill the quokka!
The wight hits you with a +4 flail.
You hit the dart slug.
The dart slug is poisoned.
The dart slug is lightly wounded.
The dart slug launches a dart at you. The slug dart misses you.
The wight closely misses you.
You hit the dart slug.
The dart slug looks as sick as possible!
The dart slug is severely wounded.
You kill the dart slug!
The wight hits you with a +4 flail!
* * * LOW HITPOINT WARNING * * *
The wight attacks as you move away! The wight hits you with a +4 flail!
You die...

####z# ##z#.## #.# ##.#.#.# #.#
#.###### #.# #..##.#.#.### #####
#.# #..........# #...# #.#
##########.###...# #.#
#####.##....###.####
#.z@................
#.######...####.#### #J# #...#
##.# #.# #######..# #.# ###..##
#.# #...## ### #.####### #.###
#.# #.#...Z.# #.#
#.###########.###.#.###.########


You could see a wight.

Vanquished Creatures
  5 adders
  2 worms (D:3)
  3 dart slugs
  2 orcs
  4 ball pythons
  4 bats
  A giant cockroach (D:3)
  6 goblins
  8 hobgoblins
  2 jackals (D:4)
  6 quokkas
  4 frilled lizards
  5 kobolds
  A rat (D:3)
53 creatures vanquished.

Vanquished Creatures (collateral kills)
  A worm (D:3)
  A goblin (D:3)
  A rat (D:2)
3 creatures vanquished.

Grand Total: 56 creatures vanquished

Notes
Turn   | Place    | Note
-------+----------+-------------------------------------------
     0 | D:1      | jimonade the Djinni Warper began the quest for the Orb.
     0 | D:1      | jimonade set off with the following spells memorised:
                  | Blink, Lesser Beckoning, Vhi's Electric Charge, Teleport
                  | Other, Manifold Assault.
     0 | D:1      | Reached XP level 1. HP: 18/18 MP: 0/0
   145 | D:1      | Reached XP level 2. HP: 23/23 MP: 0/0
   507 | D:2      | Reached skill level 3 in Spellcasting
   507 | D:2      | Reached XP level 3. HP: 19/28 MP: 0/0
   507 | D:2      | Learned a level 1 spell: Necrotise
   789 | D:2      | Reached XP level 4. HP: 29/33 MP: 0/0
  1334 | D:3      | Reached skill level 4 in Spellcasting
  1589 | D:3      | Found a burning altar of Makhleb.
  1912 | D:3      | Reached XP level 5. HP: 38/38 MP: 0/0
  1912 | D:3      | Learned a level 2 spell: Ensorcelled Hibernation
  1957 | D:4      | Identified the +1 ring mail "Seeraute" {rElec Will- Str+3
                  | SInv}
  2163 | D:4      | Slain by a wight

Illustrated notes

Levels and vault maps discovered:
D:1:      dpeg_arrival_short_road, layout_rooms
D:2:      kb_forest_paths, layout_rooms
D:3:      layout_loops_cross, mainiacjoe_overflow_24_doors, grunt_ministairs_13,
          columned_hall_lemuel
D:4:      layout_basic, grunt_ministairs_1, chequers_mini_garden,
          minmay_small_thing

Skill      XL: |  1  2  3  4 |
---------------+-------------+-----
Spellcasting   | 3 4 |  4.3
Fighting       | |  2.0
Polearms       | |  1.5
Throwing       | |  0.7
Armour         | |  1.0
Dodging        | |  2.1

Action                     |  1- 3 |  4- 6 || total
---------------------------+-------+-------++-------
  Melee: Spear             |    71 |    10 ||    81
         Dagger            |       |    79 ||    79
         Punch             |       |     1 ||     1
   Cast: Necrotise         |    17 |    17 ||    34
         Blink             |       |     3 ||     3
         Vhi's Electric Ch |       |     1 ||     1
    Use: Scroll            |       |     3 ||     3
 Armour: Leather armour    |    15 |    23 ||    38
  Dodge: Dodged            |    41 |    57 ||    98

Table legend: (Time is in decaauts)
 A = Elapsed time spent in this place.
 B = Non-inter-level travel time spent in this place.
 C = Inter-level travel time spent in this place.
 D = Time resting spent in this place.
 E = Time spent auto-exploring this place.
 F = Levels seen in this place.
 G = Mean time per level.
                   A        B        C        D        E       F      G
               +--------+--------+--------+--------+--------+-----+--------+
         Total |   2163 |   1993 |    170 |      0 |   1442 |   4 |  540.8 |
       Dungeon |   2163 |   1993 |    170 |      0 |   1442 |   4 |  540.8 |
               +--------+--------+--------+--------+--------+-----+--------+

Top non-repeatable levels by time:
     D:3: 821 daAuts
     D:2: 664 daAuts
     D:1: 448 daAuts
     D:4: 228 daAuts
